 Dungeon Crawl Stone Soup version 0.30-a0-949-g53dc5368d7 (webtiles) character file.

Game seed: 4778353533266889729

781 xian the Skirmisher (level 7, 0/48 HPs)
             Began as an Octopode Hunter on Mar 28, 2023.
             Was an Elder of Fedhas.
             Slain by a water moccasin (4 damage)
             ... on level 6 of the Dungeon.
             The game lasted 00:09:48 (4084 turns).

xian the Skirmisher (Octopode Hunter)               Turns: 4084, Time: 00:09:50

Health: 0/48       AC:  7    Str: 12    XL:     7   Next: 85%
Magic:  7/7        EV: 13    Int: 12    God:    Fedhas [****..]
Gold:   406        SH:  0    Dex: 12    Spells: 6/6 levels left

rFire   + . .      SeeInvis .    h - +4 hand axe of the World {spect, rElec rPois Dex-3}
rCold   + . .      Faith    .    (no shield)
rNeg    . . .      Spirit   .    e - +2 hat
rPois   +          Reflect  .    (no amulet)
rElec   +          Rampage  .    n - +4 ring of protection
rCorr   +                        (no ring)
Will    .....                    (no ring)
Stlth   +++                      (no ring)
HPRegen 0.28/turn                (no ring)
MPRegen 0.10/turn                (no ring)
                                 (no ring)
                                 (no ring)

@: lethally poisoned (0 -> -12), resistant
A: almost no armour, amphibious, 8 rings, camouflage 1, gelatinous body 1,
(nimble swimmer 1), tentacles
a: Renounce Religion, Wall of Briars, Grow Ballistomycete, Overgrow


You were on level 6 of the Dungeon.
You worshipped Fedhas.
Fedhas was greatly pleased with you.
You visited 1 branch of the dungeon, and saw 6 of its levels.

You collected 406 gold pieces.

Inventory:

Hand Weapons
 a - a +0 shortbow
 h - the +4 hand axe of the World (weapon) {spect, rElec rPois Dex-3}
   (You found it on level 2 of the Dungeon)

   Dex:       It affects your dexterity (-3).
   rElec:     It insulates you from electricity.
   rPois:     It protects you from poison.
Missiles
 t - 2 boomerangs of dispersal
Armour
 e - a +2 hat (worn)
Jewellery
 n - a +4 ring of protection (left tentacle)
Wands
 l - a wand of charming (10)
Scrolls
 b - 2 scrolls of immolation
 d - 2 scrolls of teleportation
 f - a scroll of enchant armour
 i - a scroll of vulnerability
 j - 2 scrolls of poison
 o - 2 scrolls of enchant weapon
 r - 2 scrolls of magic mapping
 u - 2 scrolls of fog
 x - 2 scrolls of identify
Potions
 c - 2 potions of heal wounds {unknown}
 g - a potion of berserk rage {unknown}
 p - a potion of flight {unknown}
 q - a potion of mutation {unknown}
 s - a potion of cancellation {unknown}
 v - a potion of lignification {unknown}
 w - a potion of might {unknown}


   Skills:
 + Level 4.1 Fighting
 + Level 1.1 Axes
 + Level 8.3 Ranged Weapons
 + Level 2.5 Dodging
 + Level 2.0 Stealth


You had 6 spell levels left.
You didn't know any spells.
Your spell library contained the following spells:

 Spells                   Type           Power      Damage    Failure   Level
 Apportation              Tloc           0%         N/A       32%         1
 Beastly Appendage        Tmut           0%         N/A       32%         1
 Necrotise                Necr           0%         1d4       32%         1
 Summon Small Mammal      Summ           0%         N/A       32%         1
 Blink                    Tloc           0%         N/A       45%         2
 Lesser Beckoning         Tloc           0%         N/A       45%         2
 Momentum Strike          Conj/Tloc      0%         3d8       45%         2
 Wereblood                Tmut           0%         N/A       45%         2
 Spider Form              Tmut/Pois      0%         N/A       69%         3


Dungeon Overview and Level Annotations

Branches:
Dungeon (6/15)             Temple (0/1) D:5

Altars:
Fedhas
Trog
Uskayaw
Xom


Innate Abilities, Weirdness & Mutations

You cannot wear most types of armour.
You are amphibious.
You can wear up to eight rings at the same time.
Your skin changes colour to match your surroundings (Stealth+).
Your rubbery body absorbs attacks. (AC +1, EV +1)
((You are camouflaged when in or above water. (Stealth+)))
You have tentacles for arms and can constrict up to eight enemies at once.


Message History

It was a potion of curing.
You feel better. The water moccasin bites you.
* * * LOW HITPOINT WARNING * * *
The black bear bites you.
* * * LOW HITPOINT WARNING * * *
The black bear barely misses you. x2
You closely miss the black bear. You grab the black bear.
The black bear is moderately wounded.
You closely miss the water moccasin.
Your +4 hand axe of the World {spect, rElec rPois Dex-3} hits the water moccasin.
You constrict the black bear. The water moccasin closely misses you.
The black bear misses you.
The black bear claws you but does no damage.
The black bear barely misses you. The water moccasin closely misses you.
You hit the black bear.
The black bear is heavily wounded.
You hit the water moccasin.
Your +4 hand axe of the World {spect, rElec rPois Dex-3} hits the water moccasin.
You constrict the black bear.
The water moccasin bites you but does no damage.
The black bear barely misses you.
The black bear claws you but does no damage.
The black bear claws you.
* * * LOW HITPOINT WARNING * * *
The water moccasin bites you.
* * * LOW HITPOINT WARNING * * *
You feel better.
You constrict the black bear. The black bear completely misses you.
The black bear closely misses you.
The black bear claws you but does no damage.
The water moccasin bites you.
* * * LOW HITPOINT WARNING * * *
You are lethally poisoned!
The water moccasin poisons you!
It was a potion of resistance.
You feel protected.
You constrict the black bear.
* * * LOW HITPOINT WARNING * * *
You feel very sick. The water moccasin bites you.
You die...
Fedhas appreciates your contribution to the ecosystem.

..# #....#.# ..#
#....#.# .(.....
..###......#
.......
...........#
.......
...###.....#
...$... ##.#
#####.# .......
##.# #.#####
....... ##.#
#.#...##h...>.#
...#
#....[.@ยง../..#
##.#
#.......S.....#
####
#.............#
#.............#
#...........#.#
# #.#...##...##
# .....### ####
....... #...####


You could see a water moccasin and a black bear.

Vanquished Creatures
  Sigmund (D:4)
  An ogre (D:6)
  A phantom (D:6)
  A scorpion (D:6)
  A hound (D:5)
  2 iguanas (D:5)
  Terence (D:3)
  4 adders
  8 gnolls (D:4)
  A shadow imp (D:5)
  An ufetubus (D:5)
  A worm (D:5)
  4 dart slugs
  2 orcs
  3 ball pythons
  6 endoplasms
  35 goblins
  33 hobgoblins
  7 jackals
  4 quokkas
  6 bats
  3 frilled lizards
  12 kobolds
  4 rats
142 creatures vanquished.

Notes
Turn   | Place    | Note
-------+----------+-------------------------------------------
     0 | D:1      | xian the Octopode Hunter began the quest for the Orb.
     0 | D:1      | Reached XP level 1. HP: 14/14 MP: 1/1
   231 | D:1      | Reached XP level 2. HP: 18/19 MP: 2/2
   643 | D:2      | Reached XP level 3. HP: 24/24 MP: 3/3
   668 | D:2      | Identified the +4 hand axe of the World {spect, rElec rPois
                  | Dex-3}
   835 | D:2      | Reached skill level 5 in Ranged Weapons
   871 | D:2      | Found a faded altar of an unknown god.
   991 | D:2      | Prayed at the altar of an unknown god.
   991 | D:2      | Became a worshipper of Fedhas Madash
   991 | D:2      | Reached * piety under Fedhas
  1157 | D:3      | Reached XP level 4. HP: 30/30 MP: 4/4
  1473 | D:3      | Noticed Terence
  1483 | D:3      | Killed Terence
  1494 | D:3      | Found a hide-covered altar of Uskayaw.
  1613 | D:3      | Found a shimmering altar of Xom.
  1973 | D:4      | Noticed Sigmund
  1988 | D:4      | Killed Sigmund
  1989 | D:4      | Reached skill level 6 in Ranged Weapons
  1989 | D:4      | Reached XP level 5. HP: 32/36 MP: 5/5
  1989 | D:4      | Reached XP level 6. HP: 38/42 MP: 6/6
  2036 | D:4      | Found a bloodstained altar of Trog.
  2143 | D:4      | Reached ** piety under Fedhas
  2423 | D:4      | Reached *** piety under Fedhas
  2424 | D:4      | Reached skill level 7 in Ranged Weapons
  2847 | D:4      | Reached skill level 1 in Axes
  2852 | D:4      | Reached XP level 7. HP: 15/46 MP: 7/7
  3320 | D:5      | Entered Level 5 of the Dungeon
  3540 | D:5      | Found a staircase to the Ecumenical Temple.
  3650 | D:5      | Reached **** piety under Fedhas
  4066 | D:6      | Reached skill level 8 in Ranged Weapons
  4082 | D:6      | HP: 1/48 [water moccasin (5)]
  4084 | D:6      | Slain by a water moccasin

Illustrated notes

Levels and vault maps discovered:
D:1:      elethiomel_arrival_infinity_welcomes_careful_drivers, layout_rooms
D:2:      layout_rooms, ebering_ecumenical_altar_webs
D:3:      layout_loops_corners, mainiacjoe_overflow_paths, old_standard_altar,
          uniq_terence
D:4:      minmay_goblin_kobold_castle, layout_cave_pools, old_standard_altar,
          uniq_sigmund
D:5:      layout_rooms, minmay_temple_entry_poolview
D:6:      layout_rooms, cheibrodos_worm_habitat, gammafunk_ghost_smash

Skill      XL: |  1  2  3  4  5  6  7 |
---------------+----------------------+-----
Ranged Weapons | 5 6 7 8 |  8.3
Fighting       | 3 4 |  4.1
Axes           | 1 |  1.1
Stealth        | 2 |  2.0
Dodging        | |  2.5

Action                     |  1- 3 |  4- 6 |  7- 9 || total
---------------------------+-------+-------+-------++-------
  Melee: Hand axe          |       |    41 |     3 ||    44
         Constrict         |       |    18 |     1 ||    19
         Tentacles         |       |    12 |     1 ||    13
         Punch             |       |     2 |       ||     2
   Fire: Shortbow          |    99 |   160 |    65 ||   324
    Use: Scroll            |       |     6 |     2 ||     8
         Potion            |       |       |     3 ||     3
 Armour: Skin              |     7 |    40 |    12 ||    59
  Dodge: Dodged            |    31 |    97 |    35 ||   163

Table legend: (Time is in decaauts)
 A = Elapsed time spent in this place.
 B = Non-inter-level travel time spent in this place.
 C = Inter-level travel time spent in this place.
 D = Time resting spent in this place.
 E = Time spent auto-exploring this place.
 F = Levels seen in this place.
 G = Mean time per level.
                   A        B        C        D        E       F      G
               +--------+--------+--------+--------+--------+-----+--------+
         Total |   4151 |   4017 |    134 |      0 |   3265 |   6 |  691.8 |
       Dungeon |   4151 |   4017 |    134 |      0 |   3265 |   6 |  691.8 |
               +--------+--------+--------+--------+--------+-----+--------+

Top non-repeatable levels by time:
     D:4: 1419 daAuts
     D:3: 944 daAuts
     D:5: 674 daAuts
     D:1: 604 daAuts
     D:2: 411 daAuts
     D:6: 96 daAuts
